 Dungeon Crawl Stone Soup version 0.31-a0-161-gb58dd9be76 (webtiles) character file.

Game seed: 13096973430189016742

4 Serulin the Shield-Bearer (level 1, -3/14 HPs)
             Began as a Gargoyle Fighter on June 13, 2023.
             Slain by a hobgoblin (4 damage)
             ... on level 1 of the Dungeon.
             The game lasted 00:00:16 (46 turns).

Serulin the Shield-Bearer (Gargoyle Fighter)          Turns: 46, Time: 00:00:17

Health: -3/14      AC:  9    Str: 19    XL:     1   Next: 60%
Magic:  1/1        EV:  9    Int:  8    God:
Gold:   0          SH:  4    Dex:  9    Spells: 0/0 levels left

rFire   . . .        a - +0 flail
rCold   . . .        c - +0 buckler
rNeg    + . .        b - +0 scale mail
rPois   ∞            (no helmet)
rElec   +            (no cloak)
rCorr   .            (no gloves)
SInv    .            (no boots)
Will    .....        (no amulet) Stlth
                     (no ring)
HPRegen 0.22/turn    (no ring)
MPRegen 0.07/turn

%: no passive effects
@: no status effects
A: sickness immunity, AC +2, negative energy resistance 1, electricity
resistance, torment resistance 1, petrification resistance
a: no special abilities


You were on level 1 of the Dungeon.
You visited 1 branch of the dungeon, and saw 1 of its levels.

Inventory:

Hand Weapons
 a - a +0 flail (weapon)
Armour
 b - a +0 scale mail (worn)
 c - a +0 buckler (worn)
Potions
 d - a potion of might


   Skills:
 + Level 3.3 Fighting
 + Level 2.1 Maces & Flails
 + Level 3.3 Armour
 + Level 3.3 Shields


You couldn't memorise any spells.
You didn't know any spells.
Your spell library was empty.

Dungeon Overview and Level Annotations

Branches:
Dungeon (1/15)

Altars:


Innate Abilities, Weirdness & Mutations

You are immune to sickness and miasma.
Your stone body is resilient. (AC +2)
You are immune to poison.
You resist negative energy. (rN+)
You are resistant to electric shocks. (rElec)
You are resistant to unholy torment.
You are immune to petrification.


Message History

You kill the goblin!
The quokka closely misses you. The goblin barely misses you.
The quokka twitches its whiskers.
The quokka misses you.
Found 12 gold pieces.
The goblin hits you but does no damage. The quokka barely misses you.
Things that are here:
a +0 club; a goblin corpse You barely miss the goblin.
The goblin barely misses you.
The quokka bites you but does no damage.
The goblin hits you with a +0 club.
You closely miss the goblin.
The quokka bites you but does no damage.
The hobgoblin hits you but does no damage.
The goblin hits you with a +0 club.
* * * LOW HITPOINT WARNING * * *
The quokka closely misses you.
You sock the goblin!
You kill the goblin!
You block the quokka's attack. The hobgoblin barely misses you.
The hobgoblin barely misses you. The quokka bites you.
* * * LOW HITPOINT WARNING * * *
You see here a +0 club.
You closely miss the hobgoblin. The hobgoblin closely misses you.
The quokka bites you but does no damage.
The hobgoblin hits you but does no damage.
You hit the hobgoblin.
The hobgoblin is severely wounded.
The quokka bites you but does no damage.
The hobgoblin hits you but does no damage.
You block the quokka's attack.
You barely miss the hobgoblin.
The hobgoblin is severely wounded.
The quokka completely misses you. The hobgoblin hits you.
* * * LOW HITPOINT WARNING * * *
The quokka bites you but does no damage.
You closely miss the hobgoblin.
The hobgoblin is severely wounded.
The hobgoblin hits you.
You die...

........$.#
..$.......#
#....)...#
#........#
+........+
#........#
..##..$[....#
......gr....######
.......@.....#...#
....####.)##.#.8.#
..$ #..#..#.).# .
#..#.###+###
#..#.'.....#####
#..#.#.....#...#
#..#.#..8..'.8.#
..#.#.....#...#
..+.....#####


You could see a quokka and a hobgoblin.

Vanquished Creatures
  2 goblins (D:1)
  A ball python (D:1)
  A bat (D:1)
4 creatures vanquished.

Notes
Turn   | Place    | Note
-------+----------+-------------------------------------------
     0 | D:1      | Serulin the Gargoyle Fighter began the quest for the Orb.
     0 | D:1      | Reached XP level 1. HP: 14/14 MP: 1/1
    46 | D:1      | Slain by a hobgoblin

Illustrated notes

Levels and vault maps discovered:
D:1:      minmay_arrival_stair_chambers, layout_basic,
          dreamdust_ecumenical_altar_angels_and_demons

Action                     || total
---------------------------++-------
  Melee: Flail             ||    22
 Armour: Scale mail        ||    27
  Dodge: Dodged            ||    30
  Block: Buckler           ||     8

Table legend: (Time is in decaauts)
 A = Elapsed time spent in this place.
 B = Non-inter-level travel time spent in this place.
 C = Inter-level travel time spent in this place.
 D = Time resting spent in this place.
 E = Time spent auto-exploring this place.
 F = Levels seen in this place.
 G = Mean time per level.
                   A        B        C        D        E       F      G
               +--------+--------+--------+--------+--------+-----+--------+
         Total |     52 |     52 |      0 |      0 |     15 |   1 |   52.0 |
       Dungeon |     52 |     52 |      0 |      0 |     15 |   1 |   52.0 |
               +--------+--------+--------+--------+--------+-----+--------+

Top non-repeatable levels by time:
     D:1: 52 daAuts
